Map: Kairos Junction LE

Players

SniperSC - Winner!

  • Race: Zerg Zerg
  • League: Master
  • Spawn Location: 5:00

SoSweaty

  • Race: Protoss Protoss
  • League: Diamond
  • Spawn Location: 11:00

VOD

Have the link to the VOD?

Description

Time

  • Played on: Jan. 18, 2019, 8:07 p.m.
  • Length: 15:32
Show
View Real Time Build Order
Export as new Build Order

SniperSC Zerg - Winner!

Build Orders: Hatch First, Ravager All-In 

Get SALT Encoding   

  12  0:02  Drone  
  13  0:13  Overlord  
  13  0:19  Drone  
  14  0:34  Drone x2  
  16  0:41  Drone  
  17  0:57  Hatchery  
  16  1:01  Drone x2  
  16  1:03  Extractor  
  17  1:17  Spawning Pool  
  16  1:21  Drone  
  17  1:42  Extractor  
  17  1:43  Drone x3  
  19  1:56  Overlord  
  19  2:09  Roach Warren  
  19  2:10  Drone  
  19  2:17  Queen  
  19  2:20  Queen  
  23  2:28  Overlord  
  23  2:49  Roach x3  
  29  3:00  Roach x2  
  33  3:12  Roach x2  
  37  3:19  Overlord  
  37  3:39  Ravager x4  
  41  3:41  Ravager  
  41  3:43  Zergling x2  
  41  3:45  Drone x3  
  45  4:20  Hatchery  
  44  4:35  Roach  
  44  4:37  Overlord x3  
  46  4:57  Ravager x3  
  49  5:01  Metabolic Boost  
  49  5:03  Zergling x6  
  49  5:04  Zergling x4  
  54  5:38  Drone  
  54  5:42  Zergling x6  
  58  5:43  Zergling x4  
  58  5:44  Zergling x4  
  62  5:50  Lair  
  61  5:59  Zergling x4  
  52  6:28  Zergling x10  
  53  6:47  Zergling x8  
  53  6:48  Zergling x8  
  53  6:50  Queen  
  59  7:13  Evolution Chamber  
  53  7:36  Zergling x2  
  47  7:37  Zergling x6  
  47  7:38  Zergling x4  
  50  7:49  Roach x2  
  42  8:28  Zergling x8  
  42  8:29  Roach x2  
  42  8:30  Roach x3  
  56  8:39  Zergling x2  
  56  8:40  Zergling x2  
  58  8:58  Zergling x4  
  58  9:01  Nydus Network  
  57  9:15  Hatchery  
  53  9:26  Ravager  
  53  9:27  Ravager x6  
  59  9:42  Spine Crawler  
  59  9:45  Spine Crawler  
  57  9:48  Spine Crawler  
  57  9:50  Nydus Canal  
  56  9:53  Zergling x2  
  47  11:29  Spawning Pool  
  46  11:45  Overlord  
  46  11:59  Overlord  
  46  12:35  Overlord  
  46  12:43  Hatchery  
  44  12:54  Zergling x2  
  35  13:21  Zergling x6  
  29  13:38  Drone  
  27  13:44  Zergling x2  
  28  13:59  Zergling x4  
  30  14:05  Roach Warren  
  30  14:09  Roach x2  
  32  14:30  Zergling x8  
  35  14:37  Drone  
  36  14:39  Drone  
  33  15:01  Zergling x4  
  33  15:02  Zergling x4  
  36  15:11  Zergling x2  
  36  15:12  Zergling x2  
Show
View Real Time Build Order
Export as new Build Order

SoSweaty Protoss 

Build Orders:  

Get SALT Encoding   

  12  0:00  Probe  
  13  0:12  Probe  
  14  0:20  Pylon  
  14  0:24  Probe  
  15  0:38  Probe  
  15  0:40  Gateway  
  16  0:50  Probe  
  16  0:51  Forge  
  17  0:58  Assimilator, Probe  
  18  1:08  Probe  
  19  1:20  Pylon  
  19  1:22  Pylon  
  19  1:30  Pylon  
  19  1:38  Pylon  
  19  1:50  Photon Cannon  
  19  1:52  Probe  
  20  2:01  Cybernetics Core  
  20  2:07  Photon Cannon  
  20  2:18  Photon Cannon  
  20  2:22  Probe  
  21  2:31  Gateway  
  21  2:40  Probe  
  21  2:41  Assimilator  
  22  2:54  Probe  
  23  3:16  Stalker  
  25  3:20  Robotics Facility  
  25  3:27  Shield Battery  
  25  3:31  Warp Gate  
  25  3:35  Shield Battery, Stalker  
  25  3:36  Shield Battery  
  25  3:41  Photon Cannon  
  27  3:49  Probe  
  28  3:56  Shield Battery  
  28  4:04  Stalker  
  30  4:17  Shield Battery  
  30  4:29  Probe  
  28  4:41  Probe  
  28  4:43  Pylon  
  29  4:49  Immortal, Stalker  
  31  5:01  Probe  
  31  5:04  Pylon  
  36  5:12  Stalker  
  36  5:15  Probe  
  36  5:17  Pylon  
  39  5:22  Warp Prism  
  39  5:23  Pylon  
  41  5:44  Shield Battery  
  41  5:49  Stalker  
  41  6:03  Immortal  
  45  6:52  Observer, Probe  
  45  6:53  Shield Battery  
  47  6:59  Gateway  
  47  7:01  Nexus  
  47  7:05  Probe  
  47  7:06  Pylon  
  48  7:09  Shield Battery  
  48  7:15  Shield Battery  
  48  7:21  Stalker x2  
  50  7:40  Immortal  
  48  7:53  Pylon  
  48  7:58  Gateway  
  48  8:02  Pylon  
  46  8:20  Stalker x2  
  50  8:28  Adept  
  50  8:31  Probe  
  53  8:52  Stalker  
  55  9:04  Immortal  
  55  9:12  Stalker  
  61  9:17  Stalker  
  61  9:23  Stalker  
  63  9:34  Shield Battery  
  63  9:37  Shield Battery  
  63  9:39  Shield Battery  
  63  9:42  Probe  
  63  9:45  Probe  
  48  10:38  Stalker x3  
  38  10:59  Gateway  
  38  11:00  Gateway  
  24  12:46  Nexus  
  12  13:27  Immortal  
Tags
 
Add a new tag
Caveats
  • Supply blocks, unpowered buildings, or Contaminate may cause inaccurate times.
  • Supply counts are checked every 10 seconds.